 Dungeon Crawl Stone Soup version 0.21.1-1-g345015fe64 (webtiles) character file.

48 Holzbalken the Gusty (level 3, -2/26 HPs)
             Began as a Draconian Air Elementalist on July 5, 2018.
             Slain by a gnoll
             ... wielding a +0 spear
              (4 damage)
             ... on level 2 of the Dungeon.
             The game lasted 00:12:20 (1751 turns).

Holzbalken the Gusty (Draconian Air Elementalist)   Turns: 1751, Time: 00:12:20

Health: -2/26      AC:  5    Str: 10    XL:     3   Next: 50%
Magic:  1/6        EV: 12    Int: 16    God:
Gold:   65         SH:  0    Dex: 11    Spells: 5/6 levels left

rFire    . . .     SeeInvis .   (no weapon)
rCold    . . .     Gourm    .   (no shield)
rNeg     . . .     Faith    .   (armour unavailable)
rPois    .         Spirit   .   (helmet restricted)
rElec    .         Reflect  .   (no cloak)
rCorr    .         Harm     .   (no gloves)
MR       .....                  (no boots)
Stlth    ++........             (no amulet)
HPRegen  0.08/turn              (no ring)
MPRegen  0.10/turn              (no ring)

@: no status effects
A: unfitting armour, cold-blooded, AC +5
a: no special abilities


You were on level 2 of the Dungeon.
You were not hungry.

You visited 1 branch of the dungeon, and saw 2 of its levels.

You collected 65 gold pieces.

Inventory:

Armour
 e - a +0 pair of boots
 m - a +1 pair of boots
Scrolls
 c - 2 scrolls of remove curse {unknown}
 h - a scroll of enchant weapon {unknown}
 i - 2 scrolls of identify {unknown}
 k - a scroll of random uselessness {unknown}
 l - a scroll of fear {unknown}
Potions
 d - a potion of curing {unknown}
 f - a potion of berserk rage {unknown}
 g - a potion of haste {unknown}
 n - 2 potions of ambrosia {unknown}
Books
 a - a book of Air

   Spells                             Type                      Level
   a - Shock                          Conjuration/Air              1
   b - Swiftness                      Charms/Air                   2
   c - Static Discharge               Conjuration/Air              3
   d - Airstrike                      Air                          4
   e - Lightning Bolt                 Conjuration/Air              5
Comestibles
 b - 3 rations
 j - 6 chunks of flesh


   Skills:
 - Level 2.0 Dodging
 - Level 1.8 Stealth
 + Level 2.3 Spellcasting
 * Level 2.0 Conjurations
 * Level 3.6 Air Magic


You had 5 spell levels left.
You knew the following spells:

 Your Spells              Type           Power        Failure   Level  Hunger
a - Shock                 Conj/Air       ##..         6%          1    #......


Dungeon Overview and Level Annotations

Branches:
Dungeon (2/15)

Altars:
Okawaru
Ru
Lugonu

Portals:
Abyss: D:1


Innate Abilities, Weirdness & Mutations

Your plain brown scales are hard. (AC +5)
You cannot fit into any form of body armour.
You are cold-blooded and may be slowed by cold attacks.


Message History

The gnoll is almost dead.
You barely miss the gnoll.
The gnoll is moderately wounded.
The gnoll hits you but does no damage.
You hit the gnoll.
The gnoll is heavily wounded.
The gnoll hits you from afar with a spear.
The gnoll hits you with a whip!
You closely miss the gnoll.
The gnoll is heavily wounded.
The gnoll barely misses you. The gnoll misses you.
You hit the gnoll.
The gnoll is severely wounded.
The gnoll hits you from afar with a spear.
The gnoll hits you with a whip!
* * * LOW HITPOINT WARNING * * *
You hit the gnoll.
The gnoll is almost dead.
The gnoll hits you from afar with a spear.
You die...

#....#.# #(. .... #..>.#.#
#g# ...# .....#+#####.#
.... ....##.....##g# ...
....++.....##g# ....
#........##### ....#
#..(........... ....
#.....#####################
#......ggg@.........(.....#
#.##########........#####.#
# #........#####.#
#........##....#
#..########.#### #..#
#..... #..# ###### #..#


You could see 3 gnolls.

Vanquished Creatures
  A gnoll (D:2)
  A worm (D:2)
  3 dart slugs (D:1)
  3 giant cockroaches
  4 goblins
  4 hobgoblins
  A kobold (D:1)
  5 bats
  3 frilled lizards
  4 rats
29 creatures vanquished.

Notes
Turn   | Place    | Note
-------+----------+-------------------------------------------
     0 | D:1      | Holzbalken the Draconian Air Elementalist began the quest for the Orb.
     0 | D:1      | Reached XP level 1. HP: 14/14 MP: 3/3
   167 | D:1      | Found a one-way gate to the infinite horrors of the Abyss.
   167 | D:1      | Found a corrupted altar of Lugonu.
   167 | D:1      | Noticed an iron imp
   167 | D:1      | Noticed an iron imp
   167 | D:1      | Noticed an iron imp
   168 | D:1      | Noticed a quasit
   168 | D:1      | Noticed a demonic crawler
   168 | D:1      | Noticed a demonic crawler
   168 | D:1      | Noticed an iron imp
   170 | D:1      | Noticed a quasit
   171 | D:1      | Noticed a quasit
   173 | D:1      | Reached XP level 2. HP: 19/20 MP: 0/5
  1407 | D:2      | Reached XP level 3. HP: 26/26 MP: 3/6
  1551 | D:2      | Found a sacrificial altar of Ru.
  1626 | D:2      | Found an iron altar of Okawaru.
  1751 | D:2      | Slain by a gnoll

Skill      XL: |  1  2  3 |
---------------+----------+-----
Dodging        | 2 |  2.0
Conjurations   | 2 |  2.0
Stealth        | |  1.8
Spellcasting   | |  2.3
Air Magic      | |  3.6

Action                   || total
-------------------------++-------
Melee: Unarmed           ||    12
 Cast: Shock             ||    58
  Eat: Ration            ||     1
Armor: Skin              ||     7
Dodge: Dodged            ||    18
